 Dungeon Crawl Stone Soup version 0.25-a0-42-g6c54e25894 (webtiles) character file.

Game seed: 6573657874961692406, levelgen mode: deterministic

25 Gumption the Grave Robber (level 3, -2/24 HPs)
             Began as a Human Necromancer on Oct 22, 2019.
             Slain by Sigmund
             ... wielding a +3 scythe of protection
              (6 damage)
             ... on level 2 of the Dungeon.
             The game lasted 00:16:41 (1624 turns).

Gumption the Grave Robber (Human Necromancer)       Turns: 1624, Time: 00:16:42

Health: -2/24      AC:  2    Str:  8    XL:     3   Next: 20%
Magic:  1/6        EV: 12    Int: 16    God:
Gold:   60         SH:  0    Dex: 13    Spells: 1/6 levels left

rFire    . . .     SeeInvis .   a - +0 dagger
rCold    . . .     Gourm    .   (no shield)
rNeg     . . .     Faith    .   h - +0 robe
rPois    .         Spirit   .   (no helmet)
rElec    .         Reflect  .   (no cloak)
rCorr    .         Harm     .   (no gloves)
MR       .....                  (no boots)
Stlth    ++........             (no amulet)
HPRegen  0.08/turn              (no ring)
MPRegen  0.10/turn              (no ring)

@: no status effects
A: no striking features
a: no special abilities


You were on level 2 of the Dungeon.
You were not hungry.

You visited 1 branch of the dungeon, and saw 2 of its levels.

You collected 60 gold pieces.

Inventory:

Hand Weapons
 a - a +0 dagger (weapon)
Missiles
 b - 41 stones (quivered)
Armour
 h - a +0 robe (worn)
Jewellery
 g - an uncursed ring of poison resistance {unknown}
Scrolls
 d - a scroll of teleportation {unknown}
 i - a scroll of amnesia {unknown}
 j - a scroll of identify {unknown}
Potions
 f - a potion of lignification {unknown}
 k - a potion of degeneration {unknown}
 l - a potion of heal wounds {unknown}
Comestibles
 c - 4 chunks of flesh
 e - 2 rations


   Skills:
 - Level 2.0 Dodging
 - Level 2.0 Stealth
 + Level 2.4 Spellcasting
 * Level 4.6 Necromancy


You had one spell level left.
You knew the following spells:

 Your Spells              Type           Power        Failure   Level  Hunger
a - Pain                  Necr           ###.         3%          1    #......
b - Animate Skeleton      Necr           N/A          3%          1    #......
c - Vampiric Draining     Necr           ###.......   9%          3    ###....

Your spell library contained the following spells:

 Spells                   Type           Power        Failure   Level  Hunger
 Regeneration             Chrm/Necr      #.........   22%         3    ###....
 Animate Dead             Necr           N/A          28%         4    #####..


Dungeon Overview and Level Annotations

Branches:
Dungeon (2/15)

Altars:
Cheibriados

Annotations:
D:1 exclusion: jackal
D:2 Sigmund


Message History

Sigmund barely resists.
Sigmund gestures at you while chanting.
You are confused.
You bump into the rock wall.
Sigmund mumbles some strange words.
Sigmund flickers and vanishes!
Deactivating autopickup; reactivate with Ctrl-A.
You hear some strange, mumbled words.
You are more confused.
Something hits you!
* * * LOW HITPOINT WARNING * * *
You're too confused to move!
You hear some strange, mumbled words.
Something tries to affect you, but you resist.
Your magical contamination has completely faded away.
There is a stone staircase leading down here.
You bump into the rock wall.
You feel less confused. Something hits you.
You die...

########### ..........#
..........# ...<......#
###########
..........######@........#
................>........#
..........######.........#
...######.# #.......######
(.. #.###.......#(. ...
#...)........(# ...
##..##.......### ...
#............# ...
#..####.....###


There were no monsters in sight!

Vanquished Creatures
  4 bats
  3 giant cockroaches
  A goblin (D:2)
  A hobgoblin (D:1)
  8 kobolds
  A quokka (D:2)
  A frilled lizard (D:2)
  3 rats (D:2)
22 creatures vanquished.

Vanquished Creatures (collateral kills)
  A hobgoblin (D:1)
1 creature vanquished.

Grand Total: 23 creatures vanquished

Notes
Turn   | Place    | Note
-------+----------+-------------------------------------------
     0 | D:1      | Gumption the Human Necromancer began the quest for the Orb.
     0 | D:1      | Reached XP level 1. HP: 13/13 MP: 3/3
     3 | D:1      | Learned a level 1 spell: Animate Skeleton
   211 | D:1      | Found a snail-covered altar of Cheibriados.
   299 | D:1      | Reached XP level 2. HP: 8/19 MP: 1/5
  1103 | D:2      | Noticed Sigmund
  1421 | D:2      | Reached XP level 3. HP: 20/24 MP: 2/6
  1491 | D:2      | Learned a level 3 spell: Vampiric Draining
  1624 | D:2      | Slain by Sigmund

Levels and vault maps discovered:
D:1:      eino_arrival_tree_alley, layout_rooms, cheibriados_altar_1
D:2:      layout_rooms, nicolae_qazlal_eye_of_the_storm, uniq_sigmund

Action                   || total
-------------------------++-------
Melee: Dagger            ||     8
Throw: Stone             ||    10
 Cast: Pain              ||    42
       Animate Skeleton  ||    10
  Eat: Chunk             ||     3
Armor: Robe              ||    10
Dodge: Dodged            ||    29

Table legend:
 A = Non-vault XP
 B = Vault XP
 C = Vault XP percentage of total XP
 D = Non-vault monster count
 E = Vault monster count
 F = Vault count percentage of total count
                 A         B        C        D         E       F
            +---------+---------+-------+---------+---------+-------
      Total |      37 |       0 |   0.0 |      23 |       0 |   0.0
            +---------+---------+-------+---------+---------+-------
        D:1 |      22 |       0 |   0.0 |      13 |       0 |   0.0
        D:2 |      15 |       0 |   0.0 |      10 |       0 |   0.0
            +---------+---------+-------+---------+---------+-------
